 Dungeon Crawl Stone Soup version 0.31-a0-344-gd109795 (webtiles) character file.

Game seed: 13876365422731135153

653 Cunctator the Slasher (level 7, -5/60 HPs)
             Began as a Gnoll Cinder Acolyte on July 22, 2023.
             Was a High Priest of Ignis.
             Slain by a mummy (7 damage)
             ... in an ossuary.
             The game lasted 00:18:09 (4826 turns).

Cunctator the Slasher (Gnoll Cinder Acolyte)        Turns: 4826, Time: 00:18:09

Health: -5/60      AC:  8    Str: 13    XL:     7   Next: 54%
Magic:  12/12      EV: 12    Int: 15    God:    Ignis [*****.]
Gold:   216        SH:  5    Dex:  8    Spells: 8/13 levels left

rFire   + + .        a - -1 falchion (flame)
rCold   + . .        (no shield)
rNeg    . . .        b - +0 robe
rPois   +            n - +0 helmet
rElec   +            l - +0 cloak
rCorr   +            (no gloves)
SInv    .            (no boots)
Will    .....        r - amulet of reflection
Stlth   +            d - +4 ring of protection
HPRegen 0.30/turn    (no ring)
MPRegen 0.13/turn

%: reflection
@: silenced, resistant, weak-willed, attractive, hasted, very quick
A: fangs 1, strong nose, distributed training
a: Renounce Religion


You were in an ossuary.
You worshipped Ignis.
Ignis was extremely pleased with you.
You visited 1 branch of the dungeon, and saw 5 of its levels.
You also visited: Ossuary.

You collected 216 gold pieces.

Inventory:

Hand Weapons
 a - a -1 falchion of flaming (weapon)
Missiles
 k - 24 stones
 m - 4 poisoned darts
Armour
 b - a +0 robe (worn)
 l - a +0 cloak (worn)
 n - a +0 helmet (worn)
Jewellery
 d - a +4 ring of protection (left hand)
 r - an amulet of reflection (around neck)
Talismans
 h - a beast talisman
Scrolls
 c - a scroll of enchant armour
 g - a scroll of identify
 i - a scroll of amnesia
 v - a scroll of noise {unknown}


   Skills:
 + Level 7.1 Fighting
 + Level 2.6 Short Blades
 + Level 7.1 Long Blades
 + Level 2.6 Axes
 + Level 2.6 Maces & Flails
 + Level 2.6 Polearms
 + Level 2.6 Staves
 + Level 2.6 Ranged Weapons
 + Level 2.6 Throwing
 + Level 2.6 Armour
 + Level 2.6 Dodging
 + Level 2.6 Stealth
 + Level 2.6 Shields
 + Level 2.6 Unarmed Combat
 + Level 3.9 Spellcasting
 + Level 2.1 Conjurations
 + Level 2.1 Hexes
 + Level 2.1 Summonings
 + Level 2.1 Necromancy
 + Level 2.1 Translocations
 + Level 2.1 Transmutations
 + Level 5.9 Fire Magic
 + Level 2.1 Ice Magic
 + Level 2.1 Air Magic
 + Level 2.1 Earth Magic
 + Level 2.1 Poison Magic
 + Level 2.9 Invocations
 + Level 2.6 Evocations
 + Level 2.1 Shapeshifting


You had 8 spell levels left.
You knew the following spells:

 Your Spells              Type           Power      Damage    Failure   Level
a - Scorch                Fire           40%        2d7       2%          2
b - Apportation           Tloc           18%        N/A       8%          1
c - Blink                 Tloc           18%        N/A       12%         2

Your spell library contained the following spells:

 Spells                   Type           Power      Damage    Failure   Level
 Manifold Assault         Tloc           9%         N/A       58%         4
 Alistair's Intoxication  Tmut/Pois      6%         N/A       91%         5


Dungeon Overview and Level Annotations

Branches:
Dungeon (5/15)             Temple (0/1) D:5         Ossuary (1/1)

Altars:

Shops:
D:1 (


Innate Abilities, Weirdness & Mutations

You have very sharp teeth.
Your uncanny sense of smell can sniff out nearby items.
Your experience applies equally to all skills.


Message History

The mummy is severely damaged.
You hit the mummy. You burn the mummy. You bite the mummy.
The mummy is almost destroyed.
The orc zombie hits you but does no damage.
The mummy hits you!
* * * LOW HITPOINT WARNING * * *
You block the mummy's attack.
You hit the mummy. You burn the mummy.
The mummy is almost destroyed.
You closely miss the mummy.
The mummy is almost destroyed.
The orc zombie hits you but does no damage.
The mummy barely misses you. You block the mummy's attack.
You hit the mummy. You burn the mummy.
You destroy the mummy!
You barely miss the mummy. The orc zombie closely misses you.
You slash the mummy! You burn the mummy.
The mummy is severely damaged.
The mummy closely misses you.
You hit the mummy. You burn the mummy.
The mummy is almost destroyed.
The mummy misses you.
You hit the mummy but do no damage. Your bite misses the mummy.
The mummy is almost destroyed.
The mummy barely misses you.
You hit the mummy. You burn the mummy.
You destroy the mummy!
You barely miss the hobgoblin zombie.
The hobgoblin zombie is severely damaged.
You hit the hobgoblin zombie. You burn the hobgoblin zombie.
You destroy the hobgoblin zombie!
The mummy hits you.
* * * LOW HITPOINT WARNING * * *
The mummy closely misses you.
You hit the orc zombie. You burn the orc zombie. You bite the orc zombie.
The orc zombie is heavily damaged.
You hit the orc zombie. You burn the orc zombie.
You destroy the orc zombie!
The mummy hits you!
You die...

#....#
∆
#.°..#
∆
#....#
∆
#..°.#
∆ ∆∆
#....#
∆ ∆
#°...#
∆∆ ∆∆∆
#Z.○.#
∆∆ ∆
#MM..#
∆∆ ∆
#@∩∩.#
∆∆
######


You could see 2 mummies and an orc zombie (weak-willed).

Vanquished Creatures
  A black bear (D:4)
  A phantom (D:4)
  2 hounds
  3 orc priests
  2 iguanas
  3 orc wizards (D:3)
  3 mummies (Ossuary)
  6 adders
  2 worms
  2 dart slugs
  20 orcs
  4 ball pythons
  4 bats
  5 endoplasms
  4 giant cockroaches (D:1)
  7 goblins
  4 hobgoblins
  8 jackals
  5 kobolds
  3 quokkas
  6 frilled lizards
  4 hobgoblin zombies (Ossuary)
  A kobold zombie (Ossuary)
  2 orc zombies (Ossuary)
  4 rats
106 creatures vanquished.

Notes
Turn   | Place    | Note
-------+----------+-------------------------------------------
     0 | D:1      | Cunctator the Gnoll Cinder Acolyte began the quest for the
                  | Orb.
     0 | D:1      | Reached XP level 1. HP: 23/23 MP: 4/4
   102 | D:1      | Reached XP level 2. HP: 21/29 MP: 5/5
   161 | D:1      | Learned a level 2 spell: Scorch
   437 | D:1      | Found Oklee's Antique Weapon Shoppe.
   651 | D:1      | Reached XP level 3. HP: 34/35 MP: 4/7
  1257 | D:2      | Reached skill level 1 in Invocations
  1335 | D:2      | Reached skill level 1 in Short Blades
  1335 | D:2      | Reached skill level 1 in Axes
  1335 | D:2      | Reached skill level 1 in Maces & Flails
  1335 | D:2      | Reached skill level 1 in Polearms
  1335 | D:2      | Reached skill level 1 in Staves
  1335 | D:2      | Reached skill level 1 in Ranged Weapons
  1335 | D:2      | Reached skill level 1 in Throwing
  1335 | D:2      | Reached skill level 1 in Armour
  1335 | D:2      | Reached skill level 1 in Dodging
  1335 | D:2      | Reached skill level 1 in Stealth
  1335 | D:2      | Reached skill level 1 in Shields
  1335 | D:2      | Reached skill level 1 in Unarmed Combat
  1335 | D:2      | Reached skill level 1 in Evocations
  1335 | D:2      | Reached XP level 4. HP: 24/41 MP: 1/8
  1677 | D:3      | Reached skill level 1 in Conjurations
  1677 | D:3      | Reached skill level 1 in Hexes
  1677 | D:3      | Reached skill level 1 in Summonings
  1677 | D:3      | Reached skill level 1 in Necromancy
  1677 | D:3      | Reached skill level 1 in Translocations
  1677 | D:3      | Reached skill level 1 in Transmutations
  1677 | D:3      | Reached skill level 1 in Ice Magic
  1677 | D:3      | Reached skill level 1 in Air Magic
  1677 | D:3      | Reached skill level 1 in Earth Magic
  1677 | D:3      | Reached skill level 1 in Poison Magic
  1677 | D:3      | Reached skill level 1 in Shapeshifting
  1965 | D:3      | Reached XP level 5. HP: 47/47 MP: 6/9
  2608 | D:3      | Reached XP level 6. HP: 39/53 MP: 3/11
  2797 | D:3      | Learned a level 1 spell: Apportation
  3695 | D:4      | Learned a level 2 spell: Blink
  3799 | D:4      | Noticed a black bear
  3978 | D:4      | Reached XP level 7. HP: 27/59 MP: 9/12
  4539 | D:5      | Entered Level 5 of the Dungeon
  4759 | D:5      | Found a sand-covered staircase.
  4764 | Ossuary  | Entered an ossuary
  4814 | Ossuary  | HP: 1/60 [mummy (15)]
  4824 | Ossuary  | HP: 2/60 [mummy (1)]
  4826 | Ossuary  | Slain by a mummy

Illustrated notes

Levels and vault maps discovered:
D:1:      lemuel_arrival_room, layout_basic, serial_shops, shop,
          grunt_decor_fettered, grunt_decor_mini_mirrors
D:2:      layout_basic, kennysheep_potato
D:3:      layout_rooms
D:4:      layout_layer_cave
D:5:      layout_loops_ring, minmay_temple_entry_crystal_x, enter_ossuary_5,
          columned_hall_lemuel
Ossuary:  ossuary_tomb_3

Skill      XL: |  1  2  3  4  5  6  7 |
---------------+----------------------+-----
Invocations    | 1 2 |  2.9
Short Blades   | 1 2 |  2.6
Axes           | 1 2 |  2.6
Maces & Flails | 1 2 |  2.6
Polearms       | 1 2 |  2.6
Staves         | 1 2 |  2.6
Ranged Weapons | 1 2 |  2.6
Throwing       | 1 2 |  2.6
Armour         | 1 2 |  2.6
Dodging        | 1 2 |  2.6
Stealth        | 1 2 |  2.6
Shields        | 1 2 |  2.6
Unarmed Combat | 1 2 |  2.6
Evocations     | 1 2 |  2.6
Spellcasting   | 3 |  3.9
Conjurations   | 1 2 |  2.1
Hexes          | 1 2 |  2.1
Summonings     | 1 2 |  2.1
Necromancy     | 1 2 |  2.1
Translocations | 1 2 |  2.1
Transmutations | 1 2 |  2.1
Ice Magic      | 1 2 |  2.1
Air Magic      | 1 2 |  2.1
Earth Magic    | 1 2 |  2.1
Poison Magic   | 1 2 |  2.1
Shapeshifting  | 1 2 |  2.1
Fighting       | 7 |  7.1
Long Blades    | 7 |  7.1
Fire Magic     | |  5.9

Action                     |  1- 3 |  4- 6 |  7- 9 || total
---------------------------+-------+-------+-------++-------
  Melee: Falchion          |    56 |    90 |    54 ||   200
         Bite              |     2 |     6 |     7 ||    15
         Punch             |     2 |     3 |       ||     5
  Throw: Dart              |       |     2 |     4 ||     6
   Cast: Scorch            |    19 |    62 |    20 ||   101
    Use: Scroll            |       |     5 |     5 ||    10
         Potion            |       |     2 |     6 ||     8
   Stab: Sleeping          |     1 |       |       ||     1
 Armour: Robe              |    14 |    35 |    13 ||    62
  Dodge: Dodged            |    35 |    56 |    36 ||   127
  Block: Other             |       |       |    24 ||    24

Table legend: (Time is in decaauts)
 A = Elapsed time spent in this place.
 B = Non-inter-level travel time spent in this place.
 C = Inter-level travel time spent in this place.
 D = Time resting spent in this place.
 E = Time spent auto-exploring this place.
 F = Levels seen in this place.
 G = Mean time per level.
                   A        B        C        D        E       F      G
               +--------+--------+--------+--------+--------+-----+--------+
         Total |   4817 |   4526 |    291 |    450 |   3116 |   6 |  802.8 |
       Dungeon |   4764 |   4473 |    291 |    450 |   3116 |   5 |  952.8 |
       Ossuary |     52 |     52 |      0 |      0 |      0 |   1 |   52.0 |
               +--------+--------+--------+--------+--------+-----+--------+

Top non-repeatable levels by time:
     D:4: 1554 daAuts
     D:3: 1210 daAuts
     D:1: 967 daAuts
     D:2: 912 daAuts
     D:5: 119 daAuts
 Ossuary: 52 daAuts
